 Dungeon Crawl Stone Soup version 0.29.0-4-gdea44cf6ec (webtiles) character file.

Game seed: 8399561556199662668

25 qw the Chopper (level 2, 0/26 HPs)
             Began as a Minotaur Berserker on Sept 8, 2022.
             Was a Follower of Trog.
             Succumbed to their own poison gas
             ... on level 1 of the Dungeon.
             The game lasted 00:00:17 (936 turns).

qw the Chopper (Minotaur Berserker)                  Turns: 936, Time: 00:00:18

Health: 0/26       AC:  2    Str: 21    XL:     2   Next: 86%
Magic:  1/1        EV: 12    Int:  4    God:    Trog [*.....]
Gold:   55         SH:  0    Dex:  9    Spells: 1/1 levels left

rFire   . . .      SeeInvis .   Y - +0 hand axe (protect)
rCold   . . .      Faith    .   (no shield)
rNeg    . . .      Spirit   .   b - +0 animal skin
rPois   .          Reflect  .   (helmet restricted)
rElec   .          Harm     .   (no cloak)
rCorr   .          Rampage  .   (no gloves)
Will    .....                   (no boots)
Stlth   +.........              (no amulet)
HPRegen 0.08/turn               (no ring)
MPRegen 0.07/turn               (no ring)

@: lethally poisoned (0 -> -3)
A: horns 2, retaliatory headbutt
a: Renounce Religion, Berserk


You were on level 1 of the Dungeon.
You worshipped Trog.
Trog was aware of your devotion.
You visited 1 branch of the dungeon, and saw 1 of its levels.

You collected 55 gold pieces.


Innate Abilities, Weirdness & Mutations

You have a pair of horns on your head.
You reflexively headbutt those who attack you in melee.


   Skills:
 - Level 3.6 Fighting
 + Level 5.0 Axes
 - Level 2.4 Armour
 - Level 2.1 Dodging


You had one spell level left.
You didn't know any spells.
Your spell library was empty.

Inventory:

Hand Weapons
 f - a +0 whip
 Y - a +0 hand axe of protection (weapon)
Armour
 b - a +0 animal skin (worn)
Potions
 e - a potion of curing {unknown}

Dungeon Overview and Level Annotations

Branches:
Dungeon (1/15)

Altars:


Message History

789 ||| READING scroll labelled KAYTEU DOSCHA.
As you read the scroll labelled KAYTEU DOSCHA, it crumbles to dust.
It is a scroll of brand weapon.
Your +0 hand axe projects an invisible shield of force!
Y - a +0 hand axe of protection (weapon)
Done exploring.
790 ||| READING scroll labelled WAUWOIG YFEAN.
As you read the scroll labelled WAUWOIG YFEAN, it crumbles to dust.
Your body is wracked with pain!
It was a scroll of torment.
You start resting.
HP restored.
Done exploring.
928 ||| READING scroll labelled BONNAECEPI.
The air fills with toxic fumes!
As you read the scroll labelled BONNAECEPI, it crumbles to dust.
It was a scroll of poison.
Done exploring.
(D) Dungeon
Where to? (* - list waypoints, ? - help)
What level of the Dungeon? (default 1, ? - help) Sorry, I don't know how to get there.
Done exploring.
929 ||| Stepping randomly (stuck).
Really walk into that cloud of poison gas?
You are engulfed in poison gas.
You are poisoned.
You feel very sick.
930 ||| Stepping ~*~*~tactically~*~*~ (cloud).
You feel very sick.
There is a lethal amount of poison in your body!
You feel very sick.
There is a lethal amount of poison in your body!
You feel sick.
There is a lethal amount of poison in your body!
You feel sick.
There is a lethal amount of poison in your body!
You feel sick.
There is a lethal amount of poison in your body!
You feel sick.
There is a lethal amount of poison in your body!
You die...

#.###.# #0# #.# ##¤#
#.## #¤0# #..# #¤##
##.# #¤# #.######
#####¤# #......#####
#00¤00#########.......
#¤0¤0@¤0¤¤0¤¤.%...####
#¤¤0¤¤###########..###
#¤0¤¤¤# ##.... #¤00¤0#
#.... #¤0¤¤¤# #....
####### #.... #....
#.... #....


There were no monsters in sight!

Vanquished Creatures
  3 ball pythons (D:1)
  2 endoplasms (D:1)
  A giant cockroach (D:1)
  3 goblins (D:1)
  3 hobgoblins (D:1)
  3 jackals (D:1)
  2 kobolds (D:1)
  A quokka (D:1)
  A bat (D:1)
  A frilled lizard (D:1)
  A rat (D:1)
21 creatures vanquished.

Notes
Turn   | Place    | Note
-------+----------+-------------------------------------------
     0 | D:1      | qw the Minotaur Berserker began the quest for the Orb.
     0 | D:1      | Reached XP level 1. HP: 19/19 MP: 0/0
     0 | D:1      | 0 ||| qw: Version: 0.1-a-111-g1c1fd2e
     0 | D:1      | 0 ||| qw: Game counter: 6609
     0 | D:1      | 0 ||| qw: Always use a shield: true
     0 | D:1      | 0 ||| qw: Do Orc after D:15 true
     0 | D:1      | 0 ||| qw: Do second Lair branch before Depths: true
     0 | D:1      | 0 ||| qw: Lair rune preference: random
     0 | D:1      | 0 ||| qw: Plans: Normal
     0 | D:1      | 0 ||| PLANNING D:1-11
    26 | D:1      | Reached skill level 4 in Axes
    73 | D:1      | 73 ||| INVOKING Berserk.
    74 | D:1      | HP: 7/28 [jackal (3)]
    76 | D:1      | Reached XP level 2. HP: 7/26 MP: 1/1
   361 | D:1      | 361 ||| Stepping ~*~*~tactically~*~*~ (stealth).
   478 | D:1      | 478 ||| DROPPING +0 club.
   527 | D:1      | 527 ||| Stepping ~*~*~tactically~*~*~ (stealth).
   771 | D:1      | Reached skill level 5 in Axes
   789 | D:1      | 789 ||| READING scroll labelled KAYTEU DOSCHA.
   790 | D:1      | 790 ||| READING scroll labelled WAUWOIG YFEAN.
   928 | D:1      | 928 ||| READING scroll labelled BONNAECEPI.
   929 | D:1      | 929 ||| Stepping randomly (stuck).
   930 | D:1      | 930 ||| Stepping ~*~*~tactically~*~*~ (cloud).
   932 | D:1      | HP: 5/26 [poisoned by you (poison gas)]
   934 | D:1      | HP: 2/26 [poisoned by you (poison gas)]
   936 | D:1      | Succumbed to their own poison gas

Levels and vault maps discovered:
D:1:      minmay_arrival_solitary_statue, layout_rooms

Skill      XL: |  1  2 |
---------------+-------+-----
Axes           | 4 5 |  5.0
Fighting       | |  3.6
Armour         | |  2.4
Dodging        | |  2.1

Action                   || total
-------------------------++-------
Melee: Hand axe          ||    50
       Headbutt          ||     4
Invok: Berserk           ||     1
  Use: Scroll            ||     3
Armor: Animal skin       ||    12
Dodge: Dodged            ||    30

Table legend:
 A = Non-vault XP
 B = Vault XP
 C = Vault XP percentage of total XP
 D = Non-vault monster count
 E = Vault monster count
 F = Vault count percentage of total count
                 A         B        C        D         E       F
            +---------+---------+-------+---------+---------+-------
      Total |      37 |       0 |   0.0 |      21 |       0 |   0.0
            +---------+---------+-------+---------+---------+-------
        D:1 |      37 |       0 |   0.0 |      21 |       0 |   0.0
            +---------+---------+-------+---------+---------+-------
